 Dungeon Crawl Stone Soup version 0.31.0 (webtiles) character file.

Game seed: 13591150704269471974

18787 dorian the Basher (level 12, -3/103 HPs)
             Began as an Armataur Fighter on Jan 19, 2024.
             Was a Believer of the Shining One.
             Slain by a vault guard
             ... wielding a +1 glaive of venom
              (17 damage)
             ... on level 13 of the Dungeon.
             The game lasted 00:30:28 (11056 turns).

dorian the Basher (Armataur Fighter)               Turns: 11056, Time: 00:30:28

Health: -3/103     AC: 18    Str: 26    XL:     12   Next: 30%
Magic:  15/15      EV: 18    Int:  8    God:    the Shining One [**....]
Gold:   373        SH: 11    Dex: 11    Spells: 11/11 levels left

rFire   . . .        H - +5 morningstar (venom)
rCold   . . .        c - +0 buckler
rNeg    + . .        b - +0 acid dragon scales
rPois   +            f - +1 helmet
rElec   .            M - +2 cloak {rPois}
rCorr   +            O - +2 pair of gloves
SInv    .            (no barding)
Will    .....        s - amulet of reflection
Stlth   +            h - +5 ring of evasion
HPRegen 0.37/turn    A - +5 ring of evasion
MPRegen 0.14/turn

%: reflection, roll
@: mighty, lethally poisoned (-3 -> -10), glowing
A: large, deformed body, tough skin 3, armoured tail, roll 2
a: Renounce Religion, Divine Shield


You were on level 13 of the Dungeon.
You worshipped the Shining One.
The Shining One was pleased with you.
You visited 2 branches of the dungeon, and saw 15 of its levels.
You also visited: Ossuary, Bailey and Ice Cave.

You collected 840 gold pieces.
You spent 467 gold pieces at shops.

Inventory:

Hand Weapons
 F - a +2 dire flail of holy wrath
 H - a +5 morningstar of venom (weapon)
 L - a +1 morningstar of protection
Missiles
 w - 2 throwing nets
 C - 16 boomerangs (quivered)
Armour
 b - +0 acid dragon scales (worn)
 c - a +0 buckler (worn)
 f - a +1 helmet (worn)
 k - a +0 tower shield
 l - a +0 chain mail
 M - a +2 cloak of poison resistance (worn)
 O - a +2 pair of gloves (worn)
Jewellery
 h - a +5 ring of evasion (left hand)
 s - an amulet of reflection (around neck)
 A - a +5 ring of evasion (right hand)
 I - a +6 ring of strength
 K - a ring of poison resistance
Wands
 a - a wand of mindburst (11)
 g - a wand of polymorph (11)
 r - a wand of flame (7)
 v - a wand of iceblast (20)
 G - a wand of acid (6)
 P - a wand of paralysis (8)
Scrolls
 i - 5 scrolls of enchant weapon
 m - a scroll of enchant armour
 t - 3 scrolls of teleportation
 u - a scroll of silence
 y - 4 scrolls of poison
 z - 2 scrolls of blinking
 D - 3 scrolls of immolation
Potions
 d - 2 potions of might
 e - 5 potions of lignification
 j - 2 potions of enlightenment
 n - 3 potions of resistance
 o - 3 potions of brilliance {unknown}
 p - 4 potions of mutation
 q - 6 potions of curing
 x - 3 potions of magic {unknown}
 B - 3 potions of attraction {unknown}
 E - 4 potions of haste {unknown}
 J - a potion of ambrosia {unknown}
 Q - a potion of cancellation {unknown}
 R - 4 potions of invisibility {unknown}


   Skills:
 + Level 8.8 Fighting
 * Level 11.9 Maces & Flails
 + Level 11.3 Armour
 + Level 10.4 Shields
 + Level 4.1 Invocations


You had 11 spell levels left.
You didn't know any spells.
Your spell library contained the following spells:

 Spells                   Type           Power      Damage    Failure   Level
 Cigotuvi's Dreadful Rot  Necr/Alch/Air  0%         N/A       65%         2
 Lesser Beckoning         Tloc           0%         N/A       65%         2
 Static Discharge         Conj/Air       0%         3-3/arc   65%         2
 Dazzling Flash           Conj/Hex       0%         N/A       86%         3
 Gell's Gravitas          Tloc           0%         N/A       86%         3
 Teleport Other           Tloc           0%         N/A       86%         3
 Volatile Blastmotes      Fire/Tloc      0%         2d10      86%         3
 Airstrike                Air            0%         2d(0-16)  99%         4
 Ignite Poison            Fire/Alch      0%         N/A       99%         4
 Summon Lightning Spire   Summ/Air       0%         N/A       99%         4
 Freezing Cloud           Conj/Ice/Air   0%         6-21      100%        5
 Starburst                Conj/Fire      0%         6d3       100%        6
 Maxwell's Capacitive Co  Air            0%         ∞         100%        8


Dungeon Overview and Level Annotations

Branches:
Dungeon (14/15) Zot: 26657  Temple (1/1) D:7 Zot: 5980    Lair (0/5) D:9
 Vaults (0/5) D:13        Ossuary (visited)          Bailey (visited)
  IceCv (visited)
    Orc: D:9-12

Altars:
Ashenzari
Cheibriados
Dithmenos
Elyvilon
Fedhas
Gozag
Hepliaklqana
Kikubaaqudgha
Makhleb
Nemelex Xobeh
Okawaru
Qazlal
Ru
Sif Muna
Trog
Uskayaw
Vehumet
Wu Jian
Xom
Yredelemnul
Zin
The Shining One

Shops:
D:3 (   D:4 *?*   D:7 [

Annotations:
D:3 3 runed translucent doors, Valeaz's ghost, amateur GnAE
D:8 1 transporter


Innate Abilities, Weirdness & Mutations

Armour fits poorly on your strangely shaped body.
You have extremely tough skin. (AC +3)
You have a long armoured tail.
You regenerate magic and health when rolling toward enemies. (Rampage Regen)


Message History

You sock the vault guard!
The vault guard looks as sick as possible!
The vault guard is moderately wounded.
You bludgeon the vault guard!!
The vault guard looks as sick as possible!
The vault guard is heavily wounded.
The vault guard completely misses you.
The vault guard hits you from afar with a +1 glaive of venom.
You barely miss the vault guard. You tail-slap the vault guard!
The vault guard is severely wounded.
You block the vault guard's attack. x2
You hit the vault guard but do no damage.
The vault guard looks as sick as possible!
The vault guard is severely wounded.
The vault guard hits you with a +0 great sword.
The vault guard barely misses you.
You puncture the vault guard!
The vault guard looks as sick as possible!
You tail-slap the vault guard, but do no damage.
The vault guard is almost dead.
You block the vault guard's attack.
The vault guard hits you from afar with a +1 glaive of venom!
You thump the vault guard!
You kill the vault guard!
You block the vault guard's attack.
Unknown command.
The vault guard attacks as it pursues you!
The vault guard closely misses you.
The vault guard attacks as it pursues you!
The vault guard hits you from afar with a +1 glaive of venom!
* * * LOW HITPOINT WARNING * * *
You are poisoned.
You feel very sick.
You feel very sick.
Found a stone staircase leading up.
You feel very sick.
You feel very sick.
The vault guard attacks as it pursues you!
The vault guard hits you from afar with a +1 glaive of venom!
You die...

*,,** *,* #..........#,,,,, *,,*
#*,** #.###+###.##,,,,,
*,,*****#...#####.+,,,,,#.#,,,,,,
*,,,,,,,..∩.pp)...#,,,,,#.#,,,,##
*,,*****#...#####p#,,,,,#.#+*###$
,,,,* #*,** #.#######..,,....
,,,,* *,* #p.........**####
***,*****#.######.#####..,,*
*,,,,,,......<@.#,,,*,,,,*
*,,,,,,.........#,,,*,,,,*
*,,,,,*####.....#,,,*,,,,******
*,,,,,* #.....#+***,,,,,,,,..
*,,,,,* #......,,,,,,^,,,,...
***,,,,,* #.......,,,,,,,,,,...
,,,,,,,,* #.......**********##.
,,,,,,,,* #........,,,*** #.
,,,,,,,,* *,,,,,,,,,,,,,** #.


You could see 2 vault guards.

Vanquished Creatures
  Snorg (D:10)
  4 vault guards (D:13)
  Erolcha (D:9)
  A boulder beetle (D:11)
  3 two-headed ogres
  Sonja (D:13)
  An orc knight (Bailey)
  An ugly thing (IceCv)
  Maurice (D:9)
  A cyclops (D:12)
  2 ice statues (IceCv)
  A kobold demonologist (D:11)
  2 unseen horrors
  Maggie (D:9)
  A freezing wraith (IceCv)
  2 komodo dragons (D:9)
  2 ice devils (D:13)
  Psyche (D:8)
  Grinder (D:6)
  2 hornets
  A troll (D:10)
  Sigmund (D:5)
  2 wraiths
  3 yaks (D:10)
  3 wyverns
  A basilisk (D:9)
  2 steam dragons
  Grum (D:10)
  A death yak simulacrum (IceCv)
  Edmund (D:5)
  An acid dragon (D:11)
  Duvessa (D:5)
  A water moccasin (D:4)
  2 orc warriors (D:10)
  A sky beast (D:6)
  4 laughing skulls (D:13)
  2 black bears (D:4)
  3 ogres
  2 centaurs
  3 wolves
  2 kobold brigands
  2 weeping skulls (Ossuary)
  3 bullfrogs
  2 gnoll sergeants
  2 elf zombies (Ossuary)
  Dowan (D:5)
  10 wights
  5 killer bees (D:10)
  An elephant simulacrum (IceCv)
  4 howler monkeys
  3 hounds
  A bombardier beetle (D:4)
  6 orc priests
  2 jellies
  Jessica (D:3)
  An iguana (D:7)
  A sleepcap (D:6)
  13 orc wizards
  A polar bear simulacrum (IceCv)
  A wolf simulacrum (IceCv)
  3 mummies (Ossuary)
  25 gnolls
  16 adders
  2 shadow imps (D:7)
  2 white imps
  2 dart slugs
  3 ribbon worms
  70 orcs
  10 endoplasms
  2 giant cockroaches (D:1)
  2 gnoll zombies (Ossuary)
  10 hobgoblins
  2 jackals (D:2)
  5 quokkas
  8 ball pythons
  5 bats
  3 frilled lizards
  16 goblins
  30 kobolds
  A kobold zombie (Ossuary)
  3 orc zombies (Ossuary)
  6 rats
  A spectral goblin (D:1)
355 creatures vanquished.

Notes
Turn   | Place    | Note
-------+----------+-------------------------------------------
     0 | D:1      | dorian the Armataur Fighter began the quest for the Orb.
     0 | D:1      | Reached XP level 1. HP: 18/18 MP: 1/1
   135 | D:1      | Reached XP level 2. HP: 20/25 MP: 2/2
   431 | D:1      | Found a faded altar of an unknown god.
   806 | D:2      | Reached XP level 3. HP: 28/31 MP: 3/3
  1377 | D:3      | Noticed Jessica
  1386 | D:3      | Killed Jessica
  1387 | D:3      | Reached XP level 4. HP: 35/38 MP: 4/4
  1516 | D:3      | Found a shimmering blue altar of Sif Muna.
  1584 | D:3      | Found Jonilel's Antique Weapon Shop.
  1763 | D:3      | Reached XP level 5. HP: 45/45 MP: 5/5
  1888 | D:3      | Found a glowing golden altar of the Shining One.
  2155 | D:3      | Found a glowing silver altar of Zin.
  2164 | D:3      | Found a hide-covered altar of Uskayaw.
  2217 | D:3      | Found a runed translucent gate.
  2217 | D:3      | Found a runed translucent gate.
  2217 | D:3      | Found a runed translucent gate.
  2218 | D:3      | Noticed Valeaz's ghost (amateur GnAE)
  2350 | D:4      | Found Qel Cau's Assorted Antiques.
  2350 | D:4      | Found Tozumeno's Magic Scroll Shop.
  2350 | D:4      | Found Waggut's Assorted Antiques.
  2626 | D:4      | Reached XP level 6. HP: 51/51 MP: 6/6
  2819 | D:4      | Found a sand-covered staircase.
  2836 | Ossuary  | Entered an ossuary
  2866 | Ossuary  | Reached skill level 5 in Armour
  2931 | Ossuary  | Gained mutation: You regenerate magic and health when
                  | rolling toward enemies. (Rampage Regen) [Armataur growth]
  2931 | Ossuary  | Reached XP level 7. HP: 48/59 MP: 7/7
  3048 | Ossuary  | Reached skill level 5 in Shields
  3316 | D:4      | Bought a scroll of blinking for 97 gold pieces
  3416 | D:4      | Found an ancient bone altar of Kikubaaqudgha.
  3483 | D:4      | Reached skill level 5 in Maces & Flails
  3986 | D:3      | Bought a glowing morningstar for 168 gold pieces
  4071 | D:5      | Entered Level 5 of the Dungeon
  4154 | D:5      | Found a broken altar of Ashenzari.
  4233 | D:5      | Noticed Sigmund
  4264 | D:5      | Noticed Duvessa
  4272 | D:4      | Reached XP level 8. HP: 67/67 MP: 8/8
  4274 | D:5      | Noticed Dowan
  4289 | D:5      | Killed Duvessa
  4291 | D:5      | Killed Dowan
  4333 | D:5      | Killed Sigmund
  4334 | D:5      | Reached skill level 5 in Fighting
  4481 | D:5      | Noticed Edmund
  4488 | D:5      | Killed Edmund
  4788 | D:5      | Found a sparkling altar of Nemelex Xobeh.
  5111 | D:6      | Reached XP level 9. HP: 73/74 MP: 9/9
  5172 | D:6      | Noticed Grinder
  5194 | D:6      | Killed Grinder
  5998 | D:7      | Found Zuxzits's Armour Shoppe.
  6007 | D:7      | Found a radiant altar of Vehumet.
  6066 | D:7      | Found a snail-covered altar of Cheibriados.
  6150 | D:7      | Found a hazy altar of Hepliaklqana.
  6323 | D:7      | Found a blossoming altar of Fedhas.
  6421 | D:7      | Found a staircase to the Ecumenical Temple.
  6427 | Temple   | Entered the Ecumenical Temple
  6576 | D:3      | Became a worshipper of the Shining One
  6702 | D:8      | Found a transporter.
  6765 | D:8      | Found an iron altar of Okawaru.
  6774 | D:8      | Noticed a two-headed ogre
  6786 | D:8      | Killed a two-headed ogre
  6786 | D:8      | Noticed Psyche
  6787 | D:8      | Reached XP level 10. HP: 18/84 MP: 10/10
  7074 | D:8      | Killed Psyche
  7606 | D:4      | Bought a runed cloak for 202 gold pieces
  7756 | D:8      | Paralysed by a centaur for 4 turns
  7776 | D:9      | Noticed Maurice
  7788 | D:9      | Killed Maurice
  7797 | D:9      | Found a flagged portal.
  7816 | Bailey   | Entered a bailey
  8043 | Bailey   | Noticed an orc knight
  8056 | Bailey   | Killed an orc knight
  8194 | D:9      | Noticed a two-headed ogre
  8202 | D:9      | Killed a two-headed ogre
  8261 | D:9      | Noticed Erolcha
  8269 | D:9      | Killed Erolcha
  8308 | D:9      | Noticed Maggie
  8311 | D:9      | Paralysed by Maggie for 5 turns
  8319 | D:9      | Killed Maggie
  8320 | D:9      | Reached skill level 10 in Maces & Flails
  8558 | D:9      | Found an opulent altar of Gozag.
  8565 | D:9      | Reached * piety under the Shining One
  8645 | D:9      | Found a burning altar of Makhleb.
  8697 | D:9      | Reached XP level 11. HP: 92/92 MP: 11/11
  8808 | D:9      | Reached skill level 10 in Armour
  8841 | D:9      | Found a staircase to the Lair.
  8984 | D:10     | Entered Level 10 of the Dungeon
  8992 | D:10     | Noticed Snorg
  9005 | D:10     | HP: 4/93 [Snorg (6)]
  9007 | D:10     | Killed Snorg
  9219 | D:10     | Noticed Grum
  9219 | D:10     | Found a stormy altar of Qazlal.
  9225 | D:10     | Killed Grum
  9226 | D:10     | Reached skill level 1 in Invocations
  9683 | D:10     | Found a bloodstained altar of Trog.
  9782 | D:11     | Noticed a two-headed ogre
  9787 | D:11     | Killed a two-headed ogre
 10266 | D:11     | Noticed a boulder beetle
 10277 | D:11     | Killed a boulder beetle
 10395 | D:11     | You fall into a shaft and drop 3 floors!
 10454 | D:13     | Noticed Sonja
 10466 | D:13     | Reached ** piety under the Shining One
 10471 | D:13     | Killed Sonja
 10472 | D:13     | Reached skill level 10 in Shields
 10657 | D:13     | Found a frozen archway.
 10683 | IceCv    | Entered an ice cave
 10683 | IceCv    | Noticed a white ugly thing
 10695 | IceCv    | Killed a white ugly thing
 10701 | IceCv    | Reached XP level 12. HP: 85/103 MP: 14/14
 10708 | IceCv    | Found a transporter.
 10722 | IceCv    | Found a transporter.
 10755 | IceCv    | HP: 1/103 [freezing wraith (11)]
 11016 | D:13     | Identified the +4 rapier "Iteten" {speed, +Blink Int+3
                  | Dex+2}
 11021 | D:13     | Found a gate to the Vaults.
 11021 | D:13     | Noticed a vault guard
 11021 | D:13     | Noticed a vault guard
 11021 | D:13     | Noticed a vault guard
 11021 | D:13     | Noticed a vault guard
 11021 | D:13     | Noticed a vault guard
 11023 | D:13     | Noticed a vault guard
 11023 | D:13     | Noticed a vault guard
 11023 | D:13     | Noticed a vault guard
 11033 | D:13     | Killed a vault guard
 11037 | D:13     | Killed a vault guard
 11044 | D:13     | Killed a vault guard
 11050 | D:13     | Killed a vault guard
 11056 | D:13     | Slain by a vault guard

Illustrated notes

Levels and vault maps discovered:
D:1:      erik_arrival_triangle_small, layout_basic,
          dreamdust_ecumenical_altar_drowned_temple
D:2:      layout_basic, hex_intersection
D:3:      layout_loops_cross, old_standard_altar, tso_oasis_becter,
          jmf_multi_god_temple2, serial_bayou, serial_bayou_lagoon_b,
          serial_bayou_crossing, serial_bayou_pond_e, serial_bayou_pond_b,
          serial_bayou_pond_c, serial_shops, nicolae_shop_window_shopping,
          gammafunk_ghost_necromancy, nicolae_twisty_statue_hallways,
          uniq_jessica
D:4:      corexii_shantytown, layout_rooms, amcnicky_altar_gilded,
          nicolae_ossuary_entry_false_entrances,
          nicolae_shop_distant_corner_stores
D:5:      layout_loops_ring, nemelex_dance_club_becter,
          mainiacjoe_overflow_paths, dk_rats_in_the_wall, uniq_sigmund,
          uniq_edmund, uniq_duvessa
D:6:      layout_basic, uniq_grinder
D:7:      layout_cave_pools, fiery_altar_vehumet, mainiacjoe_overflow_chevrons,
          mainiacjoe_overflow_cross_hatched, mainiacjoe_overflow_alcove_4,
          minmay_temple_entry_fiery, serial_shops, nicolae_shop_stone,
          kennysheep_generic_room_4
D:8:      layout_loops_ring, okawaru_gym_becter, nicolae_diode_basic,
          uniq_psyche
D:9:      layout_loops_ring, mainiacjoe_overflow_24_doors, lemuel_tele_altar,
          erik_lair_dragon, enter_bailey_5, uniq_maggie, uniq_erolcha,
          uniq_maurice
D:10:     layout_cave_pools, lemuel_coloured_pillars_altar,
          grunt_qazlal_sundering, minivault_24, uniq_grum, uniq_snorg
D:11:     layout_stronghold, nicolae_houndstooth_variations
D:12:     layout_roguey, orc_0_dummy
D:13:     minmay_wavy_crystal, layout_irregular_city, erik_vaults_2,
          portal_ice_cave_demonic_guard, uniq_sonja
D:14:     layout_gridville, minmay_misc_feat_roman
Temple:   nicolae_temple_ecumenical_triangle

Skill      XL: |  1  2  3  4  5  6  7  8  9 10 11 12 |
---------------+-------------------------------------+-----
Maces & Flails | 2 3 4 5 7 8 10 11 | 11.9
Fighting       | 3 4 5 6 7 8 |  8.8
Armour         | 4 5 6 7 8 9 11 | 11.3
Shields        | 4 5 6 7 9 10 | 10.4
Invocations    | 3 4 |  4.1

Action                     |  1- 3 |  4- 6 |  7- 9 | 10-12 || total
---------------------------+-------+-------+-------+-------++-------
  Melee: Flail             |   126 |   209 |   148 |       ||   483
         Tailslap          |     9 |    17 |    29 |    61 ||   116
         Morningstar       |       |       |   211 |   390 ||   601
  Evoke: Wand              |       |       |       |     4 ||     4
    Use: Scroll            |     6 |     4 |     7 |     6 ||    23
         Potion            |       |     1 |       |     9 ||    10
 Armour: Scale mail        |   105 |   132 |   108 |       ||   345
         Chain mail        |       |       |    89 |   144 ||   233
         Acid dragon scale |       |       |       |   109 ||   109
  Dodge: Dodged            |    53 |    60 |   118 |   231 ||   462
  Block: Buckler           |    22 |    86 |   176 |   242 ||   526
         Reflection        |       |     6 |     8 |     3 ||    17
